 Dungeon Crawl Stone Soup version 0.26-a0-837-g5a8a614f01 (webtiles) character file.

Game seed: 11324531875432291757

5 Gargoyl the Skirmisher (level 1, 0/23 HPs)
             Began as a Gnoll Abyssal Knight on Nov 18, 2020.
             Was a Follower of Lugonu.
             Slain by a worldbinder (4 damage)
             ... on level 1 of the Abyss.
             The game lasted 00:00:12 (120 turns).

Gargoyl the Skirmisher (Gnoll Abyssal Knight)        Turns: 120, Time: 00:00:12

Health: 0/23       AC:  3    Str: 14    XL:     1   Next: 80%
Magic:  3/3        EV: 12    Int: 14    God:    Lugonu [*.....]
Gold:   0          SH:  0    Dex: 14    Spells: 0/0 levels left

rFire    . . .     SeeInvis .   a - +1 hand axe
rCold    . . .     Faith    .   (no shield)
rNeg     . . .     Spirit   .   b - +0 leather armour
rPois    .         Reflect  .   (no helmet)
rElec    .         Harm     .   (no cloak)
rCorr    .         Rampage  .   (no gloves)
MR       .....                  (no boots)
Stlth    +.........             (no amulet)
HPRegen  0.07/turn              (no ring)
MPRegen  0.08/turn              (no ring)

@: no status effects
A: distributed training, fangs 1, strong nose
a: Depart the Abyss, Renounce Religion


You were on level 1 of the Abyss.
You worshipped Lugonu.
Lugonu was aware of your devotion.
You visited 0 branches of the dungeon, and saw 0 of its levels.
You visited the Abyss 1 time.

Inventory:

Hand Weapons
 a - a +1 hand axe (weapon)
Armour
 b - a +0 leather armour (worn)
Potions
 d - 2 potions of flight


   Skills:
 + Level 6.4 Fighting
 + Level 0.1 Short Blades
 + Level 0.1 Long Blades
 + Level 4.4 Axes
 + Level 0.1 Maces & Flails
 + Level 0.1 Polearms
 + Level 0.1 Staves
 + Level 0.1 Slings
 + Level 0.1 Bows
 + Level 0.1 Crossbows
 + Level 0.1 Throwing
 + Level 4.4 Armour
 + Level 2.4 Dodging
 + Level 0.1 Stealth
 + Level 0.1 Shields
 + Level 0.1 Unarmed Combat
 + Level 0.1 Spellcasting
 + Level 0.1 Conjurations
 + Level 0.1 Hexes
 + Level 0.1 Summonings
 + Level 0.1 Necromancy
 + Level 0.1 Translocations
 + Level 0.1 Transmutations
 + Level 0.1 Fire Magic
 + Level 0.1 Ice Magic
 + Level 0.1 Air Magic
 + Level 0.1 Earth Magic
 + Level 0.1 Poison Magic
 + Level 4.4 Invocations
 + Level 0.1 Evocations


You couldn't memorise any spells.
You didn't know any spells.
Your spell library was empty.

Dungeon Overview and Level Annotations

Branches:
Dungeon (0/15)

Altars:


Innate Abilities, Weirdness & Mutations

Your experience applies equally to all skills.
You have very sharp teeth.
Your uncanny sense of smell can sniff out nearby items.


Message History

Unknown command.
Unknown command.
Unknown command.
You are starting to lose your buoyancy.
You float gracefully downwards.
A quasit comes into view.
A starcursed mass comes into view.
The starcursed mass shrieks in your mind.
A starcursed mass splits.
A starcursed mass splits. x2
Found a potion of flight.
The quasit gives a chilling moan.
A starcursed mass splits.
A chorus of shrieks assaults your mind.
* * * LOW HITPOINT WARNING * * *
A worldbinder comes into view.
The quasit closely misses you. The quasit misses you.
The quasit claws you but does no damage.
The worldbinder hits you.
You die...

..###$..#...# .#. .#. .
.#.......## ...
.......... ...## #.≈
#.....#...... # # ≈≈≈
#...###...#...#. #≈##.#
##.## ##.##. ...
#≈...###...###...#...#.
.#.....#5!...#.......###
..≈...x@.....XX.X.XX##
.#.....#.....#.......# #
#≈...###...###...#X..#
##≈.# ##.## ## ##.....
#.. #...# ...#...#. #..
#.....# .... # ..≈
......... ....# .#. ≈
#.. ..#.. ...
≈.###...###.


You could see 2 starcursed masses, a worldbinder and a quasit.

Vanquished Creatures
  An ufetubus (Abyss:1)
1 creature vanquished.

Notes
Turn   | Place    | Note
-------+----------+-------------------------------------------
     0 | Abyss:1  | Gargoyl the Gnoll Abyssal Knight began the quest for the
                  | Orb.
     0 | Abyss:1  | Reached XP level 1. HP: 23/23 MP: 3/3
   106 | Abyss:1  | Noticed a quasit
   111 | Abyss:1  | Noticed a starcursed mass
   120 | Abyss:1  | Noticed a worldbinder
   120 | Abyss:1  | Slain by a worldbinder

Illustrated notes

Levels and vault maps discovered:
Abyss:1:  base: Temple, base:
Temple

Action                   || total
-------------------------++-------
Melee: Hand axe          ||     4
       Bite              ||     1
  Use: Potion            ||     2
Armor: Leather armour    ||     1
Dodge: Dodged            ||    10

Table legend: (Time is in decaauts)
 A = Elapsed time spent in this place.
 B = Non-inter-level travel time spent in this place.
 C = Inter-level travel time spent in this place.
 D = Time resting spent in this place.
 E = Time spent auto-exploring this place.
 F = Levels seen in this place.
 G = Mean time per level.
                   A        B        C        D        E       F      G
               +--------+--------+--------+--------+--------+-----+--------+
         Total |    120 |    120 |      0 |      0 |     94 |   1 |  120.0 |
         Abyss |    120 |    120 |      0 |      0 |     94 |   1 |  120.0 |
               +--------+--------+--------+--------+--------+-----+--------+

Top non-repeatable levels by time:
 Abyss:1: 120 daAuts
